 Dungeon Crawl Stone Soup version 0.27-a0-1149-g4505690ab0 (webtiles) character file.

Game seed: 15581889190302978167

51 Armakuni the Digger (level 3, -1/42 HPs)
             Began as a Demigod Wanderer on May 13, 2021.
             Slain by an orc
             ... wielding a +0 flail
              (3 damage)
             ... on level 2 of the Dungeon.
             The game lasted 00:04:58 (2147 turns).

Armakuni the Digger (Demigod Wanderer)              Turns: 2147, Time: 00:04:58

Health: -1/42      AC: 21    Str: 12    XL:     3   Next: 38%
Magic:  9/9        EV:  2    Int: 17    God:
Gold:   84         SH:  0    Dex: 15    Spells: 3/6 levels left

rFire    . . .     SeeInvis .   a - +2 shortbow
rCold    . . .     Faith    .   (shield currently unavailable)
rNeg     + + +     Spirit   .   (armour currently unavailable)
rPois    +         Reflect  .   (helmet currently unavailable)
rElec    .         Harm     .   (cloak currently unavailable)
rCorr    .         Rampage  .   (gloves currently unavailable)
Will     .....     NoTele   +   (boots currently unavailable)
Stlth    ++........             (no amulet)
HPRegen  0.14/turn              W - ring of wizardry
MPRegen  0.11/turn              (no ring)

@: tree-form
A: stationary, stasis, torment immunity, boosted hp, high mp 1, forlorn
a: no special abilities


You were on level 2 of the Dungeon.
You were a tree.
You visited 1 branch of the dungeon, and saw 3 of its levels.

You collected 84 gold pieces.

Inventory:

Hand Weapons
 a - a +2 shortbow (weapon)
Missiles
 b - 16 arrows (quivered ammo)
 i - 100 stones
Armour
 e - a +0 robe (melded)
Jewellery
 J - a ring of ice
 W - a ring of wizardry (left branch)
Scrolls
 c - 2 scrolls of teleportation
 f - a scroll of identify {unknown}
 h - a scroll of noise
Potions
 d - 2 potions of lignification


   Skills:
 - Level 1.0 Fighting
 - Level 1.7 Bows
 - Level 1.0 Stealth
 - Level 1.0 Shields
 - Level 2.4 Spellcasting
 + Level 0.9 Conjurations
 - Level 4.5 Earth Magic


You had 3 spell levels left.
You knew the following spells:

 Your Spells              Type           Power      Damage    Failure   Level
z - Stone Arrow           Conj/Erth      22%        3d8       8%          3

Your spell library contained the following spells:

 Spells                   Type           Power      Damage    Failure   Level
 Sandblast                Erth           34%        2d9       1%          1


Dungeon Overview and Level Annotations

Branches:
Dungeon (3/15)

Shops:
D:1 (


Innate Abilities, Weirdness & Mutations

You are a tree.
Your roots penetrate the ground, keeping you stationary.
You cannot be teleported.
You are immune to unholy pain and torment.
Your maximum health is greatly increased.
Your equipment is partially melded.
Your attributes grow dramatically as you level up.
You have an increased reservoir of magic. (+10% MP)
You shall have no god before yourself.


Message History

Press: ? - help, Q - select action, (/) - cycle Shift-Dir - straight line, f - orc
Aim: an orc, wielding a +0 trident (60% to hit)
You shoot an arrow. The arrow closely misses the orc.
The arrow barely misses the orc.
The arrow barely misses the orc.
You feel sick. The orc hits you but does no damage. x2
Fire: 21 arrows
Press: ? - help, Q - select action, (/) - cycle Shift-Dir - straight line, f/p - orc
Aim: an orc, wielding a +0 trident (60% to hit)
You shoot an arrow. The arrow hits the orc!
You kill the orc!
* * * LOW HITPOINT WARNING * * *
You feel sick.
Fire: 20 arrows
Press: ? - help, Q - select action, (/) - cycle Shift-Dir - straight line, f - orc
Aim: an orc, wielding a +0 flail and wearing a +0 leather armour (60% to hit)
You shoot an arrow. The arrow barely misses the orc.
The arrow hits the orc but does no damage.
You feel sick.
You are no longer poisoned.
Fire: 19 arrows
Press: ? - help, Q - select action, (/) - cycle Shift-Dir - straight line, f/p - orc
Aim: an orc, wielding a +0 flail and wearing a +0 leather armour (60% to hit)
You shoot an arrow. The arrow closely misses the orc.
The arrow hits the orc.
You kill the orc!
The orc barely misses you.
Fire: 18 arrows
Press: ? - help, Q - select action, (/) - cycle Shift-Dir - straight line, f/p - orc
Aim: an orc, wielding a +0 flail and wearing a +0 leather armour (60% to hit)
You shoot an arrow. The arrow hits the orc.
The orc is heavily wounded.
The orc hits you but does no damage.
Fire: 17 arrows
Press: ? - help, Q - select action, (/) - cycle Shift-Dir - straight line, f/p - orc
Aim: an orc, wielding a +0 flail and wearing a +0 leather armour (heavily wounded, 60% to hit)
You shoot an arrow. The arrow closely misses the orc.
The orc hits you with a +0 flail.
* * * LOW HITPOINT WARNING * * *
The orc hits you with a +0 flail.
You die...

######.#.##
##.## #.#
##.###.###...##
#.# #.##
##....>..# #.#
##.###.###...##
#.# ##.#.##
##.#.#######.#
##.##
#.###........#
###
##.#.#########
#..## #♣## #o#
#)# #)#
#..o..(#
......#.#
##o(#.#.# #o #
.(. .. ...


You could see an orc.

Vanquished Creatures
  2 dart slugs
  8 orcs
  3 endoplasms
  A giant cockroach (D:1)
  4 goblins
  4 hobgoblins
  3 quokkas
  A ball python (D:1)
  3 bats (D:1)
  3 frilled lizards
  A giant cockroach zombie (D:1)
  2 kobolds (D:2)
  A quokka zombie (D:1)
  2 rats
38 creatures vanquished.

Vanquished Creatures (others)
  2 plants (D:1)
2 creatures vanquished.

Grand Total: 40 creatures vanquished

Notes
Turn   | Place    | Note
-------+----------+-------------------------------------------
     0 | D:1      | Armakuni the Demigod Wanderer began the quest for the Orb.
     0 | D:1      | Armakuni set off with the following items: a +2 shortbow,
                  | 23 arrows, a scroll of teleportation, a +0 robe; and the
                  | following spell memorised: Sandblast; and the following
                  | spells available to memorise: Stone Arrow
     0 | D:1      | Reached XP level 1. HP: 16/16 MP: 3/3
    63 | D:1      | Reached skill level 1 in Spellcasting
    95 | D:1      | Found Gozausokh's Antique Weapon Boutique.
   218 | D:1      | Reached XP level 2. HP: 23/23 MP: 6/6
  1329 | D:2      | Noticed a wight
  1831 | D:3      | Reached XP level 3. HP: 28/28 MP: 9/9
  1835 | D:3      | Learned a level 3 spell: Stone Arrow
  2144 | D:2      | HP: 2/42 [poisoned by an orc]
  2147 | D:2      | Slain by an orc

Illustrated notes

Levels and vault maps discovered:
D:1:      saegor_arrival_fortress, layout_rooms, serial_forest,
          infiniplex_forest_clump_curved, infiniplex_forest_clump_double,
          infiniplex_forest_clump_diagonal, infiniplex_forest_clump_diagonal,
          infiniplex_forest_end_2, infiniplex_forest_clump_double,
          infiniplex_forest_clump_curved, serial_shops, shop,
          minmay_split_cup_large
D:2:      layout_loops_corners
D:3:      mumra_celtic_spiral_tile, layout_basic, serial_shops,
          nicolae_shop_waterfront

Skill      XL: |  1  2 |
---------------+-------+-----
Spellcasting   | 1 2 |  2.4
Fighting       | |  1.0
Bows           | |  1.7
Stealth        | |  1.0
Shields        | |  1.0
Conjurations   | |  0.9
Earth Magic    | |  4.5

Action                   || total
-------------------------++-------
 Fire: Shortbow          ||    90
  Use: Scroll            ||     7
       Potion            ||     2
Armor: Robe              ||     3
       Skin              ||     9
Dodge: Dodged            ||    16

Table legend: (Time is in decaauts)
 A = Elapsed time spent in this place.
 B = Non-inter-level travel time spent in this place.
 C = Inter-level travel time spent in this place.
 D = Time resting spent in this place.
 E = Time spent auto-exploring this place.
 F = Levels seen in this place.
 G = Mean time per level.
                   A        B        C        D        E       F      G
               +--------+--------+--------+--------+--------+-----+--------+
         Total |   2164 |   2050 |    114 |    183 |   1477 |   3 |  721.3 |
       Dungeon |   2164 |   2050 |    114 |    183 |   1477 |   3 |  721.3 |
               +--------+--------+--------+--------+--------+-----+--------+

Top non-repeatable levels by time:
     D:2: 960 daAuts
     D:1: 863 daAuts
     D:3: 340 daAuts
